 Seeded DCSS version 0.28-a0-1567-g1695149f81 (webtiles) character file.

Game seed: 807 (custom seed)

266 knot the Chopper (level 6, 47/47 HPs)
             Began as a Demonspawn Berserker on Jan 20, 2022.
             Was a Believer of Trog.
             Quit the game on level 2 of the Dungeon.
             The game lasted 00:02:22 (2428 turns).

knot the Chopper (Demonspawn Berserker)             Turns: 2428, Time: 00:02:22

Health: 47/47      AC: 11    Str: 17    XL:     6   Next: 0%
Magic:  6/6        EV: 11    Int: 11    God:    Trog [**....]
Gold:   33         SH:  0    Dex: 12    Spells: 5/5 levels left

rFire   . . .      SeeInvis .   o - +0 battleaxe
rCold   . . .      Faith    .   (shield currently unavailable)
rNeg    . . .      Spirit   .   f - quicksilver dragon scales
rPois   .          Reflect  .   (no helmet)
rElec   .          Harm     .   (no cloak)
rCorr   .          Rampage  .   (no gloves)
Will    +....                   (no boots)
Stlth   +.........              (no amulet)
HPRegen 0.15/turn               (no ring)
MPRegen 0.10/turn               (no ring)

@: no status effects
A: icy blue scales 1, demonic guardian 1
a: Renounce Religion, Berserk, Trog's Hand


You were on level 2 of the Dungeon.
You worshipped Trog.
Trog was pleased with you.
You visited 1 branch of the dungeon, and saw 2 of its levels.

You collected 33 gold pieces.

Inventory:

Hand Weapons
 a - a +0 hand axe
 o - a +0 battleaxe (weapon)
Missiles
 e - 14 sling bullets
 h - 77 stones (quivered)
 l - 2 poisoned darts
 r - 4 javelins
Armour
 b - a +0 animal skin
 f - quicksilver dragon scales (worn)
Wands
 q - a wand of polymorph (15)
Scrolls
 c - a scroll of torment {unknown}
 d - 2 scrolls of identify {unknown}
 j - a scroll of amnesia {unknown}
 k - a scroll of teleportation {unknown}
 m - a scroll of noise {unknown}
 p - a scroll of brand weapon {unknown}
Potions
 g - a potion of resistance {unknown}
 i - a potion of attraction {unknown}
 n - a potion of magic {unknown}


   Skills:
 - Level 3.0 Fighting
 + Level 6.1 Axes
 - Level 1.7 Armour
 - Level 1.7 Dodging


You had 5 spell levels left.
You didn't know any spells.
Your spell library was empty.

Dungeon Overview and Level Annotations

Branches:
Dungeon (2/15)

Altars:


Innate Abilities, Weirdness & Mutations

You are partially covered in icy blue scales. (AC +2)
A weak demonic guardian rushes to your aid.


Message History

You see here an adder corpse.
You see here a +0 short sword.
You see here a hobgoblin skeleton.
You see here a rat skeleton.
A bat comes into view.
The bat moves out of view.
A bat comes into view.
The bat closely misses you.
There are monsters nearby!
A rat comes into view.
Found four items.
The bat hits you but does no damage. The bat closely misses you.
You barely miss the rat. The bat hits you but does no damage.
The bat barely misses you. The bat closely misses you.
The rat bites you but does no damage.
You slice the rat!!
You kill the rat!
Trog accepts your kill.
You miss the bat. You slash the bat!
You kill the bat!
Trog accepts your kill. The bat closely misses you. The bat hits you.
You closely miss the bat.
The bat closely misses you. x2; The bat misses you.
You barely miss the bat. The bat hits you but does no damage. x2
The bat hits you but does no damage. The bat hits you but does no damage.
The bat barely misses you. The bat closely misses you.
You closely miss the bat. The bat hits you but does no damage. x2
You barely miss the bat. The bat hits you but does no damage.
You barely miss the bat. The bat hits you but does no damage.
You barely miss the bat. The bat hits you but does no damage.
The bat misses you.
You barely miss the bat. The bat misses you.
You slash the bat!
You kill the bat!
Trog accepts your kill.
You have reached level 6!
Your demonic ancestry asserts itself...
You feel the presence of a demonic guardian.
Are you sure you want to abandon this character and quit the game? (Confirm with "yes".)

.............)...##..>..>).......
...........<....<###.########.#..
.##.............###..# #.###
####...........####.## #.###
######.######![#.# #.##. #####
#.#.#.# #####....
#..#...#.#####......#.
#...#.#....##.....)..
#.@......##.....### ###
#..†#.#....###..#.# #.##
#..#...########..#.# #..# #####
#.#.# #.....#.# ##.# #<#
####:[#####.###...#
#.###.###..#####....# ##..# ##
##.).........#....#### #..# .#
#..)....######....# #>.#
.###)####..# #....# #..#


There were no monsters in sight!

Vanquished Creatures
  Sigmund (D:2)
  Jessica (D:2)
  3 adders (D:2)
  2 worms (D:2)
  8 ball pythons
  An endoplasm (D:1)
  3 goblins
  3 hobgoblins
  8 jackals
  5 kobolds
  2 quokkas (D:1)
  7 bats
  5 rats
49 creatures vanquished.

Notes
Turn   | Place    | Note
-------+----------+-------------------------------------------
     0 | D:1      | knot the Demonspawn Berserker began the quest for the Orb.
     0 | D:1      | Reached XP level 1. HP: 18/18 MP: 1/1
   356 | D:1      | Reached skill level 3 in Axes
   555 | D:1      | Gained mutation: You are partially covered in icy blue
                  | scales. (AC +2) [demonic ancestry]
   555 | D:1      | Reached XP level 2. HP: 24/24 MP: 2/2
  1278 | D:1      | Reached XP level 3. HP: 29/29 MP: 3/3
  1561 | D:2      | Reached skill level 4 in Axes
  1702 | D:2      | Noticed Jessica
  1716 | D:2      | Killed Jessica
  1717 | D:2      | Reached XP level 4. HP: 22/35 MP: 4/4
  2078 | D:2      | Noticed Sigmund
  2090 | D:2      | Killed Sigmund
  2091 | D:2      | Reached skill level 6 in Axes
  2091 | D:2      | Reached XP level 5. HP: 41/41 MP: 5/5
  2253 | D:2      | Reached ** piety under Trog
  2428 | D:2      | Gained mutation: A weak demonic guardian rushes to your
                  | aid. [demonic ancestry]
  2428 | D:2      | Reached XP level 6. HP: 47/47 MP: 6/6
  2428 | D:2      | Quit the game

Illustrated notes

Levels and vault maps discovered:
D:1:      tarquinn_simple_flora_water_e, layout_basic
D:2:      minmay_spotlight, layout_rooms, uniq_jessica, uniq_sigmund

Skill      XL: |  1  2  3  4 |
---------------+-------------+-----
Axes           | 3 4 6 |  6.1
Fighting       | |  3.0
Armour         | |  1.7
Dodging        | |  1.7

Action                   |  1- 3 |  4- 6 || total
-------------------------+-------+-------++-------
Melee: Hand axe          |   106 |     9 ||   115
       Battleaxe         |       |    43 ||    43
Invok: Berserk           |     3 |     1 ||     4
Armor: Quicksilver drago |    55 |    35 ||    90
       Animal skin       |     1 |       ||     1
Dodge: Dodged            |    74 |    44 ||   118

Table legend: (Time is in decaauts)
 A = Elapsed time spent in this place.
 B = Non-inter-level travel time spent in this place.
 C = Inter-level travel time spent in this place.
 D = Time resting spent in this place.
 E = Time spent auto-exploring this place.
 F = Levels seen in this place.
 G = Mean time per level.
                   A        B        C        D        E       F      G
               +--------+--------+--------+--------+--------+-----+--------+
         Total |   2506 |   2489 |     17 |    682 |   1435 |   2 | 1253.0 |
       Dungeon |   2506 |   2489 |     17 |    682 |   1435 |   2 | 1253.0 |
               +--------+--------+--------+--------+--------+-----+--------+

Top non-repeatable levels by time:
     D:1: 1398 daAuts
     D:2: 1107 daAuts
